 Dungeon Crawl Stone Soup version 0.28-a0-384-g9e0c098162 (webtiles) character file.

Game seed: 1735731915515129166

1887 oldriver the Basher (level 9, 0/55 HPs)
             Began as a Gargoyle Fighter on Sept 2, 2021.
             Was a Believer of Qazlal.
             Slain by a two-headed ogre (13 damage)
             ... on level 7 of the Dungeon on Sept 3, 2021.
             The game lasted 00:08:33 (7425 turns).

oldriver the Basher (Gargoyle Fighter)              Turns: 7425, Time: 00:08:33

Health: 0/55       AC: 16    Str: 19    XL:     9   Next: 14%
Magic:  0/9        EV:  7    Int: 10    God:    Qazlal [**....]
Gold:   281        SH:  8    Dex: 12    Spells: 8/8 levels left

rFire   . . .      SeeInvis .   u - +2 flail (holy)
rCold   . . .      Faith    .   c - +0 buckler
rNeg    + . .      Spirit   +   o - +0 chain mail
rPois   ∞          Reflect  .   (no helmet)
rElec   +          Harm     .   (no cloak)
rCorr   .          Rampage  .   (no gloves)
Will    .....                   (no boots)
Stlth   ..........              y - amulet of guardian spirit
HPRegen 0.18/turn               (no ring)
MPRegen 0.11/turn               (no ring)

@: no status effects
A: sickness immunity, AC +6, negative energy resistance 1, electricity
resistance, torment resistance 1, petrification resistance
a: Renounce Religion, Upheaval


You were on level 7 of the Dungeon.
You worshipped Qazlal.
Qazlal was pleased with you.
You visited 1 branch of the dungeon, and saw 7 of its levels.

You collected 281 gold pieces.

Inventory:

Hand Weapons
 u - a +2 flail of holy wrath (weapon)
Armour
 c - a +0 buckler (worn)
 o - a +0 chain mail (worn)
Jewellery
 y - an amulet of guardian spirit (around neck)
Wands
 r - a wand of flame (19)
 s - a wand of paralysis (8)
 t - a wand of polymorph (11)
Scrolls
 b - a scroll of noise {unknown}
 e - 4 scrolls of teleportation {unknown}
 f - a scroll of magic mapping {unknown}
 g - 6 scrolls of identify {unknown}
 i - 2 scrolls of enchant armour {unknown}
 j - 2 scrolls of amnesia {unknown}
 n - 2 scrolls of vulnerability {unknown}
 p - 3 scrolls of fog {unknown}
 v - a scroll of fear {unknown}
 w - a scroll of enchant weapon {unknown}
Potions
 a - a potion of brilliance {unknown}
 d - a potion of might
 h - 2 potions of flight {unknown}
 k - 4 potions of heal wounds {unknown}
 l - a potion of cancellation {unknown}
 m - 2 potions of degeneration {unknown}
 q - a potion of mutation {unknown}
 x - a potion of curing {unknown}
 z - 2 potions of invisibility
 A - a potion of resistance {unknown}


   Skills:
 * Level 6.2 Fighting
 * Level 9.3 Maces & Flails
 + Level 5.2 Armour
 + Level 1.0 Dodging
 + Level 0.4 Stealth
 + Level 4.8 Shields


You had 8 spell levels left.
You didn't know any spells.
Your spell library was empty.

Dungeon Overview and Level Annotations

Branches:
Dungeon (7/15)             Temple (0/1) D:6

Altars:
Elyvilon
Fedhas
Gozag
Makhleb
Nemelex Xobeh
Okawaru
Qazlal
Ru
Sif Muna
Trog
Uskayaw
The Shining One

Shops:
D:4 ?!


Innate Abilities, Weirdness & Mutations

You are immune to sickness and miasma.
Your stone body is resilient. (AC +6)
You are immune to poison.
You resist negative energy. (rN+)
You are resistant to electric shocks. (rElec)
You are resistant to unholy torment.
You are immune to petrification.


Message History

The two-headed ogre hits you with a +0 giant spiked club!
* * * LOW HITPOINT WARNING * * *
The bullfrog is engulfed in blazing flames.
The bullfrog hits you.
* * * LOW HITPOINT WARNING * * *
The bullfrog is engulfed in blazing flames.
You kill the bullfrog!
Qazlal accepts your kill.
Found 19 sling bullets.
There is a stone staircase leading up here.
You climb upwards.
There is a stone staircase leading down here.
You start resting.
Magic restored.
There is a stone staircase leading up here.
There is a stone staircase leading down here.
You climb downwards.
There is a stone staircase leading up here.
You start resting.
HP restored.
Found a stone staircase leading up.
There is a stone staircase leading up here.
z - 2 potions of invisibility (gained 1)
The two-headed ogre shouts in stereo!
A two-headed ogre is nearby!
A two-headed ogre is nearby!
The two-headed ogre hits you with a +0 giant club!
The two-headed ogre hits you with a +0 giant spiked club!
You hit the two-headed ogre.
The two-headed ogre is lightly wounded.
The two-headed ogre hits you with a +0 giant club!
The two-headed ogre completely misses you.
You barely miss the two-headed ogre.
The two-headed ogre is lightly wounded.
You completely miss the two-headed ogre.
The two-headed ogre is lightly wounded.
The two-headed ogre hits you with a +0 giant club!
* * * LOW HITPOINT WARNING * * *
The two-headed ogre hits you with a +0 giant spiked club!
You die...

##.....# #...###.###.#
#.....# #.###....##.# ####
#.....# #.# ###.....#
...####....## #.### #..####
...........# #...# #<....#
........#..######.#######.#
........#.......#...<.....#
..<#+#..#..###.#####.######
.[.#.#.........O@....#
...#.##....###.#######
...#.#..<.......#
........##......#
.....#....>###..#
.....#.....# ...#
###..............
......(.#..#.#.
##..#........


You could see a two-headed ogre.

Vanquished Creatures
  A yak (D:6)
  A water moccasin (D:6)
  An ice beast (D:6)
  2 necrophages
  2 ogres (D:5)
  A centaur (D:6)
  A bullfrog (D:7)
  2 water moccasin zombies
  3 howler monkeys (D:6)
  3 bullfrog zombies
  3 hounds
  2 jellies
  An orc priest (D:6)
  5 iguanas
  4 orc wizards
  A killer bee zombie (D:6)
  A hound zombie (D:5)
  A hound skeleton (D:4)
  A howler monkey zombie (D:6)
  8 gnolls
  A howler monkey skeleton (D:6)
  7 adders
  A shadow imp (D:5)
  2 white imps (D:6)
  An ufetubus (D:5)
  An adder skeleton (D:4)
  2 worms
  A dart slug (D:5)
  25 orcs
  5 endoplasms
  3 giant cockroaches (D:4)
  5 goblins
  9 hobgoblins
  4 quokkas
  11 ball pythons
  3 bats
  3 frilled lizards
  11 kobolds
  4 rats
143 creatures vanquished.

Notes
Turn   | Place    | Note
-------+----------+-------------------------------------------
     0 | D:1      | oldriver the Gargoyle Fighter began the quest for the Orb.
     0 | D:1      | Reached XP level 1. HP: 14/14 MP: 1/1
   251 | D:1      | Reached XP level 2. HP: 19/19 MP: 2/2
   575 | D:1      | Reached XP level 3. HP: 13/24 MP: 3/3
  1392 | D:2      | Reached XP level 4. HP: 29/30 MP: 4/4
  1947 | D:3      | Reached skill level 3 in Maces & Flails
  2458 | D:3      | Found a blossoming altar of Fedhas.
  2459 | D:3      | Found a stormy altar of Qazlal.
  2461 | D:3      | Found a sacrificial altar of Ru.
  2527 | D:3      | Found a bloodstained altar of Trog.
  2527 | D:3      | Found a shimmering blue altar of Sif Muna.
  2530 | D:3      | Found a hide-covered altar of Uskayaw.
  2532 | D:3      | Found an opulent altar of Gozag.
  2552 | D:3      | Became a worshipper of Qazlal Stormbringer
  2641 | D:4      | Found Biasinar's Distillery.
  2642 | D:4      | Found Zipnud's Magic Scroll Emporium.
  2683 | D:4      | Reached XP level 5. HP: 19/34 MP: 5/5
  3222 | D:4      | Reached skill level 4 in Maces & Flails
  3690 | D:4      | Reached XP level 6. HP: 39/39 MP: 6/6
  3931 | D:4      | Reached * piety under Qazlal
  4133 | D:5      | Entered Level 5 of the Dungeon
  4166 | D:5      | Noticed a necrophage
  4172 | D:5      | Killed a necrophage
  4173 | D:5      | Reached skill level 5 in Maces & Flails
  4309 | D:5      | Found a burning altar of Makhleb.
  4505 | D:5      | Reached XP level 7. HP: 44/44 MP: 7/7
  4767 | D:5      | Reached skill level 5 in Fighting
  5006 | D:5      | Reached skill level 6 in Maces & Flails
  5429 | D:6      | Noticed a yak
  5655 | D:6      | Reached skill level 7 in Maces & Flails
  5655 | D:6      | Reached XP level 8. HP: 49/49 MP: 8/8
  5751 | D:6      | Reached ** piety under Qazlal
  5979 | D:6      | Killed a yak
  5980 | D:6      | Reached skill level 8 in Maces & Flails
  5987 | D:6      | Reached skill level 5 in Armour
  6268 | D:6      | Reached skill level 1 in Dodging
  6274 | D:6      | Found a sparkling altar of Nemelex Xobeh.
  6496 | D:6      | Found a staircase to the Ecumenical Temple.
  6578 | D:6      | Found a white marble altar of Elyvilon.
  6592 | D:6      | Reached skill level 9 in Maces & Flails
  6592 | D:6      | Reached XP level 9. HP: 42/55 MP: 9/9
  6881 | D:6      | Found an iron altar of Okawaru.
  7016 | D:6      | Found a glowing golden altar of the Shining One.
  7147 | D:7      | Noticed a two-headed ogre
  7425 | D:7      | Slain by a two-headed ogre

Illustrated notes

Levels and vault maps discovered:
D:1:      dpeg_chamrin_arrival_tetris, layout_basic
D:2:      layout_rooms
D:3:      layout_rooms, minitemple, minmay_misc_feat_more_columns,
          grunt_ministairs_2, minmay_bisected
D:4:      layout_gridville, serial_shops, nicolae_take_the_stairs,
          grunt_decor_arrowhead, amcnicky_mini_corridor_feature,
          nicolae_stop_n_shop_2, minmay_strange_pillars
D:5:      layout_loops_corners, mainiacjoe_overflow_alcove_2
D:6:      layout_loops_ring, nemelex_diamond_rough_becter,
          mainiacjoe_overflow_big_doors, okawaru_altar_gauntlet_db,
          minmay_temple_entry_overgrown, nrook_mini_backslash, kb_rosetta
D:7:      layout_basic

Skill      XL: |  1  2  3  4  5  6  7  8 |
---------------+-------------------------+-----
Fighting       | 4 5 6 |  6.2
Maces & Flails | 3 4 5 7 9 |  9.3
Armour         | 4 5 |  5.2
Shields        | 4 |  4.8
Dodging        | 1 |  1.0
Stealth        | |  0.4

Action                   |  1- 3 |  4- 6 |  7- 9 || total
-------------------------+-------+-------+-------++-------
Melee: Flail             |   109 |   218 |   260 ||   587
Armor: Scale mail        |    68 |    21 |       ||    89
       Chain mail        |       |    98 |   121 ||   219
Dodge: Dodged            |    76 |    92 |    61 ||   229
Block: Buckler           |    26 |    56 |    74 ||   156

Table legend: (Time is in decaauts)
 A = Elapsed time spent in this place.
 B = Non-inter-level travel time spent in this place.
 C = Inter-level travel time spent in this place.
 D = Time resting spent in this place.
 E = Time spent auto-exploring this place.
 F = Levels seen in this place.
 G = Mean time per level.
                   A        B        C        D        E       F      G
               +--------+--------+--------+--------+--------+-----+--------+
         Total |   7513 |   7222 |    291 |   1925 |   3951 |   7 | 1073.3 |
       Dungeon |   7513 |   7222 |    291 |   1925 |   3951 |   7 | 1073.3 |
               +--------+--------+--------+--------+--------+-----+--------+

Top non-repeatable levels by time:
     D:5: 1505 daAuts
     D:6: 1482 daAuts
     D:4: 1434 daAuts
     D:3: 1022 daAuts
     D:1: 1014 daAuts
     D:2: 735 daAuts
     D:7: 318 daAuts
